 Dungeon Crawl Stone Soup version 0.23-a0-310-gdcc7a32 (webtiles) character file.

7986 tsouns the Covert (level 11, -6/80 HPs)
             Began as an Octopode Wanderer on Oct 12, 2018.
             Was an Initiate of Gozag.
             Mangled by an eight-headed hydra (14 damage)
             ... on level 11 of the Dungeon.
             The game lasted 00:31:36 (11878 turns).

tsouns the Covert (Octopode Wanderer)              Turns: 11878, Time: 00:31:38

Health: -6/80      AC:  6    Str:  8    XL:     11   Next: 23%
Magic:  1/15       EV: 23    Int: 20    God:    Gozag
Gold:   627        SH:  0    Dex: 22    Spells: 2/16 levels left

rFire    + . .     SeeInvis .   a - +3 quarterstaff
rCold    . . .     Gourm    .   (shield currently unavailable)
rNeg     + . .     Faith    .   R - +2 hat
rPois    .         Spirit   .   (no amulet)
rElec    .         Reflect  .   g - +3 ring of protection
rCorr    .         Harm     .   r - ring of stealth
MR       .....                  n - +4 ring of dexterity
Stlth    ++++++++..             l - ring of positive energy
HPRegen  0.23/turn              J - ring of protection from fire
MPRegen  0.14/turn              (no ring)
                                (no ring)
                                (no ring)

@: agile, gold aura
A: almost no armour, stealthy swim, amphibious, 8 rings, constrict 8, camouflage
1, gelatinous body 1
a: Potion Petition, Call Merchant, Bribe Branch, Renounce Religion


You were on level 11 of the Dungeon.
You worshipped Gozag.
Gozag was pleased with you.
You were not hungry.

You visited 2 branches of the dungeon, and saw 12 of its levels.

You collected 1887 gold pieces.
You spent 619 gold pieces at shops.
You paid 641 gold pieces to Gozag.

Inventory:

Hand Weapons
 a - a +3 quarterstaff (weapon)
 p - a +0 blowgun
 C - a +1 mace of holy wrath
Missiles
 e - 7 tomahawks
 f - 268 stones (quivered)
 h - 330 arrows
 m - 116 bolts
 o - 45 sling bullets
 q - 30 poisoned needles
 D - 8 needles of sleeping
 E - 3 throwing nets
Armour
 t - the +1 buckler of Hangman {+Fly rCorr Int-4}
   (You acquired it on level 4 of the Dungeon)

   It affects your intelligence (-4).
   It lets you fly.
   It provides partial protection from all sources of acid and corrosion.
 R - a +2 hat (worn)
Magical Staves
 F - an uncursed staff of fire
Jewellery
 g - a +3 ring of protection (left tentacle)
 l - a ring of positive energy (on tentacle)
 n - a +4 ring of dexterity (on tentacle)
 r - a ring of stealth (right tentacle)
 J - a ring of protection from fire (on tentacle)
Wands
 G - a wand of disintegration (9)
 L - a wand of paralysis (14)
 U - a wand of digging (19)
Scrolls
 b - 6 scrolls of teleportation
 i - a scroll of identify
 u - a scroll of fog
 w - 2 scrolls of blinking
 y - 5 scrolls of remove curse
 A - a scroll of enchant weapon
 K - a scroll of immolation
Potions
 d - 2 potions of cancellation
 j - 3 potions of flight
 k - 3 potions of curing
 s - 2 potions of ambrosia
 v - 5 potions of mutation
 x - 3 potions of heal wounds
 z - 4 potions of brilliance
 B - 2 potions of lignification
 H - 2 potions of agility
 I - a potion of resistance
 M - a potion of haste
 O - 2 potions of might
 Q - a potion of magic
Miscellaneous
 N - a lamp of fire (inert)
Comestibles
 c - 13 rations


   Skills:
 - Level 9.4 Fighting
 + Level 9.5 Staves
 - Level 6.0 Dodging
 - Level 12.2 Stealth
 - Level 1.0 Shields
 + Level 3.2 Spellcasting
 + Level 3.2 Conjurations
   Level 2.0 Transmutations
 - Level 1.5 Fire Magic
 + Level 3.3 Air Magic
 - Level 2.0 Poison Magic


You had 2 spell levels left.
You knew the following spells:

 Your Spells              Type           Power        Failure   Level  Hunger
a - Poisonous Vapours     Pois/Air       ##....       7%          2    ##.....
b - Conjure Flame         Conj/Fire      ##......     16%         3    ###....
c - Mephitic Cloud        Conj/Pois/Air  ##......     13%         3    ###....
d - Freezing Cloud        Conj/Ice/Air   ##........   100%        6    #######

Your spell library contained the following spells:

 Spells                   Type           Power        Failure   Level  Hunger
 Confusing Touch          Hex            #.....       14%         1    None
 Confuse                  Hex            #.......     38%         3    ###....
 Gell's Gravitas          Tloc           #.........   38%         3    ###....
 Petrify                  Tmut/Erth      #.......     67%         4    ####...
 Yara's Violent Unravell  Hex/Tmut       #.........   95%         5    ######.
 Metabolic Englaciation   Hex/Ice        #.........   98%         5    ######.
 Ring of Flames           Chrm/Fire      #.........   100%        7    #######


Dungeon Overview and Level Annotations

Branches:
Dungeon (11/15)            Temple (1/1) D:4            Lair (0/6) D:11
    Orc (0/2) D:11

Altars:
Ashenzari
Cheibriados
Dithmenos
Elyvilon
Fedhas
Gozag
Hepliaklqana
Kikubaaqudgha
Makhleb
Nemelex Xobeh
Okawaru
Qazlal
Ru
Sif Muna
Trog
Uskayaw
Vehumet
Wu Jian
Xom
Yredelemnul
Zin
The Shining One

Shops:
D:4 *   D:5 (=(   D:6 *   D:9 !=[*(

Annotations:
D:8 1 runed door, Ratty's ghost, novice MiMo


Innate Abilities, Weirdness & Mutations

You cannot wear most types of armour.
You are very stealthy in the water. (Stealth+)
You are amphibious.
You can wear up to eight rings at the same time.
You can use your tentacles to constrict eight enemies at once.
Your skin changes colour to match your surroundings (Stealth+).
Your rubbery body absorbs attacks. (AC +1, EV +1)


Message History

Casting: Mephitic Cloud (safe; 13% risk of failure)
Confirm with . or Enter, or press ? or * to list all spells.
Aiming: Mephitic Cloud (safe; 13% risk of failure)
Press: ? - help, Shift-Dir - straight line, f - you The ball explodes into a vile cloud!
The stinking cloud engulfs the eight-headed hydra.
The eight-headed hydra appears unharmed.
The eight-headed hydra is no longer distracted by gold.
Unknown command.
You feel agile all of a sudden.
The eight-headed hydra is engulfed in blazing flames.
The eight-headed hydra completely misses you.
The eight-headed hydra closely misses you.
The eight-headed hydra bites you! x3
* * * LOW HITPOINT WARNING * * *
The eight-headed hydra bites you!
* * * LOW HITPOINT WARNING * * *
The eight-headed hydra bites you!
You die...
Your body crumbles into a pile of gold.

....# #.### #.....# ### # #####
#...# #####'######
....#####<##### #.........#
###.#>.)......# #..######.#
###.#.........# #....[..#.#
..............# #.#####.#.#
###.#.........### #.......#.#
#..#...........###§.######.# ###
##.##.........#.@D§......##.###..
#..####.......#####§.............
#.## #.#.#.#.# ###'###.#####..
..# #[......# #...# #.# ### .##
#.#.#.#.## #.#####.# .#
#........# #.......#
.######.#.#.#..# #########
.##............# #.......#
..+..........#.####.#####.#


You could see an eight-headed hydra.

Vanquished Creatures
  Josephine (D:11)
  A komodo dragon (D:11)
  3 hippogriffs (D:7)
  Sigmund (D:3)
  A spriggan (D:7)
  3 wraiths (D:11)
  A wyvern (D:8)
  A hungry ghost (D:11)
  Menkaure (D:7)
  2 water moccasins
  A hornet zombie (D:6)
  An ice beast (D:10)
  3 orc warriors
  A phantom (D:7)
  A black bear (D:9)
  5 sky beasts
  6 ogres
  8 centaurs
  A big kobold (D:11)
  5 bullfrogs
  A gnoll sergeant (D:11)
  5 scorpions
  9 wights (D:7)
  A howler monkey (D:9)
  A centaur zombie (D:9)
  5 crimson imps
  A bullfrog zombie (D:6)
  A quasit (D:5)
  2 gnoll shamans
  3 hounds
  2 jellies
  10 orc wizards
  4 orc priests
  2 bullfrog skeletons
  4 iguanas
  9 worker ants
  A hound zombie (D:6)
  A howler monkey skeleton (D:6)
  9 adders
  13 gnolls
  3 shadow imps
  An adder zombie (D:6)
  2 oozes
  5 worms
  2 dart slugs (D:1)
  4 leopard geckos
  36 orcs
  2 ball pythons
  A giant cockroach (D:1)
  6 goblins
  7 hobgoblins
  9 jackals
  7 quokkas
  3 bats
  3 frilled lizards
  A giant cockroach zombie (D:5)
  10 kobolds
  3 leopard gecko skeletons
  A leopard gecko zombie (D:5)
  A quokka skeleton (D:5)
  2 quokka zombies
  6 rats
246 creatures vanquished.

Vanquished Creatures (others)
  A fungus (D:8)
  2 plants (D:8)
  A withered plant (D:6)
4 creatures vanquished.

Grand Total: 250 creatures vanquished

Notes
Turn   | Place    | Note
-------+----------+-------------------------------------------
     0 | D:1      | tsouns the Octopode Wanderer began the quest for the Orb.
     0 | D:1      | tsouns set off with: a +2 quarterstaff, 2 scrolls of
                  | teleportation, a ration
     0 | D:1      | Reached XP level 1. HP: 16/16 MP: 2/2
    48 | D:1      | Reached skill level 2 in Stealth
    48 | D:1      | Reached XP level 2. HP: 17/21 MP: 3/3
   699 | D:1      | Reached XP level 3. HP: 26/26 MP: 4/4
   970 | D:2      | Reached skill level 3 in Stealth
  1140 | D:2      | Reached XP level 4. HP: 14/33 MP: 5/5
  2173 | D:3      | Noticed Sigmund
  2243 | D:3      | Reached skill level 4 in Stealth
  2243 | D:3      | Reached XP level 5. HP: 33/37 MP: 6/6
  2284 | D:3      | Reached skill level 10 in Stealth
  2284 | D:3      | Reached XP level 6. HP: 5/50 MP: 7/7
  2955 | D:3      | Killed Sigmund
  2955 | D:3      | Reached XP level 7. HP: 44/55 MP: 8/8
  3086 | D:4      | Found Sianop's Assorted Antiques.
  3091 | D:4      | Bought a scroll of identify for 52 gold pieces
  3091 | D:4      | Bought a scroll labeled JASOECV DAAHA for 26 gold pieces
  3091 | D:4      | Bought a bubbling golden potion for 23 gold pieces
  3094 | D:4      | Got a faintly glowing buckler
  3145 | D:4      | Found a sacrificial altar of Ru.
  3148 | D:4      | Found a burning altar of Makhleb.
  3171 | D:4      | Found an ancient bone altar of Kikubaaqudgha.
  3171 | D:4      | Found a bloodstained altar of Trog.
  3171 | D:4      | Found a basalt altar of Yredelemnul.
  3173 | D:4      | Found a shattered altar of Ashenzari.
  3174 | D:4      | Found a shimmering altar of Xom.
  3176 | D:4      | Found an ornate altar of the Wu Jian Council.
  4036 | D:4      | Found a staircase to the Ecumenical Temple.
  4045 | Temple   | Entered the Ecumenical Temple
  4092 | Temple   | Became a worshipper of Gozag Ym Sagoz the Greedy
  4175 | D:5      | Entered Level 5 of the Dungeon
  4200 | D:5      | Reached skill level 11 in Stealth
  4280 | D:5      | Found Joqoqaaj's Weapon Shoppe.
  4373 | D:5      | Reached XP level 8. HP: 61/62 MP: 9/9
  4476 | D:5      | Found Xawneko's Antique Weapon Boutique.
  4502 | D:5      | Found Vedad's Jewellery Shoppe.
  4944 | D:6      | Found Zin's Purification Station.
  4948 | D:6      | Found a glowing silver altar of Zin.
  5426 | D:6      | Found a shimmering altar of Xom.
  5513 | D:6      | Reached XP level 9. HP: 41/67 MP: 10/10
  6917 | D:7      | Found a sparkling altar of Nemelex Xobeh.
  6960 | D:7      | Reached skill level 5 in Dodging
  7191 | D:7      | Reached skill level 12 in Stealth
  7191 | D:7      | Reached XP level 10. HP: 63/74 MP: 11/11
  7221 | D:7      | Identified the +1 buckler of Hangman {+Fly rCorr Int-4}
                  | (You acquired it on level 4 of the Dungeon)
  7275 | D:7      | HP: 1/74 [hippogriff (3)]
  7480 | D:7      | Noticed Menkaure
  7483 | D:7      | Killed Menkaure
  8289 | D:8      | Learned a level 2 spell: Poisonous Vapours
  8293 | D:8      | Learned a level 3 spell: Conjure Flame
  8297 | D:8      | Learned a level 3 spell: Mephitic Cloud
  8740 | D:8      | Found a runed door.
  8742 | D:8      | Noticed Ratty's ghost (novice MiMo)
  9001 | D:8      | Reached skill level 1 in Poison Magic
  9129 | D:8      | Reached skill level 1 in Conjurations
  9129 | D:8      | Reached skill level 1 in Fire Magic
  9129 | D:8      | Reached skill level 1 in Air Magic
  9303 | D:9      | Found Aniysiott's Assorted Antiques.
  9632 | D:9      | Paralysed by an orc wizard for 6 turns
  9765 | D:9      | Found Jaomn's Jewellery Shop.
  9969 | D:9      | Found Ulethrewn's Antique Armour Shoppe.
 10004 | D:9      | Found Zuutaxill's Distillery.
 10009 | D:9      | Bought a potion of haste for 140 gold pieces
 10009 | D:9      | Bought a potion of might for 56 gold pieces
 10009 | D:9      | Bought a potion of berserk rage for 70 gold pieces
 10009 | D:9      | Bought a potion of magic for 112 gold pieces
 10009 | D:9      | Bought a potion of curing for 42 gold pieces
 10009 | D:9      | Bought a potion of curing for 42 gold pieces
 10009 | D:9      | Bought a potion of agility for 56 gold pieces
 10117 | D:9      | Found Gauneru's Weapon Boutique.
 10197 | D:10     | Entered Level 10 of the Dungeon
 11058 | D:11     | Noticed Josephine
 11072 | D:11     | Killed Josephine
 11072 | D:11     | Reached XP level 11. HP: 55/80 MP: 4/14
 11260 | D:11     | Noticed an eight-headed hydra
 11442 | D:11     | Found a staircase to the Lair.
 11571 | D:11     | Found a staircase to the Orcish Mines.
 11741 | D:11     | Learned a level 6 spell: Freezing Cloud
 11878 | D:11     | Mangled by an eight-headed hydra

Vault maps used:
D:1:      dpeg_arrival_long_road
D:3:      portal_sewer_entry_b, uniq_sigmund
D:4:      minitemple, lemuel_temple_firewalk_b, first_ration, serial_shops, shop
D:5:      serial_shops, kennysheep_mini_moat, shop, shop,
          kennysheep_pointless_box
D:6:      zin_purify, serial_undead, serial_undead_b, serial_undead_f,
          serial_undead_c, serial_undead_a, basic_altar, kennysheep_small_spiral
D:7:      nemelex_xobeh_ov_fountains_minmay, the_bakery, grunt_ministairs_9,
          uniq_menkaure
D:8:      ebering_ghost_funeral_grove, hex_large, dk_noncrumbling_4
D:9:      serial_shops, nicolae_shop_trees, shop, shop, nicolae_shop_waterfront,
          shop, serial_glass, glass_columns_a, glass_columns_a,
          kennysheep_generic_room_8
D:10:     hangedman_abyss_or_decor_lesser_grid
D:11:     lair_entry_dummy, kennysheep_orc_monster_closet_entryway,
          serial_co_window_serial, co_window_paths_a,
          co_window_of_opportunity_a, co_window_paths_a, co_window_corner_a,
          co_window_of_opportunity_a, co_window_paths_b, co_window_broadway_a,
          co_window_of_opportunity_b, co_window_corner_b, glass_columns_b,
          glass_columns_a, glass_columns_a, glass_columns_b, glass_columns_b,
          uniq_josephine
Temple:   minmay_temple_bridge_abc

Skill      XL: |  1  2  3  4  5  6  7  8  9 10 11 |
---------------+----------------------------------+-----
Stealth        | 2 3 4 10 11 12 | 12.2
Staves         | 2 7 8 9 |  9.5
Fighting       | 4 8 9 |  9.4
Dodging        | 2 3 5 6 |  6.0
Poison Magic   | 2 |  2.0
Conjurations   | 2 3 |  3.2
Fire Magic     | 1 |  1.5
Air Magic      | 2 3 |  3.3
Spellcasting   | 2 3 |  3.2
Shields        | |  1.0
Transmutations | |  2.0

Action                   |  1- 3 |  4- 6 |  7- 9 | 10-12 || total
-------------------------+-------+-------+-------+-------++-------
Melee: Quarterstaff      |    53 |    43 |   295 |   225 ||   616
       Constrict         |     9 |     7 |    56 |    33 ||   105
       Tentacles         |     6 |     4 |    67 |    37 ||   114
 Fire: Blowgun           |       |    13 |       |       ||    13
 Cast: Poisonous Vapours |       |       |       |    72 ||    72
       Mephitic Cloud    |       |       |       |     7 ||     7
       Conjure Flame     |       |       |       |     5 ||     5
Invok: Potion Petition   |       |       |     2 |       ||     2
Evoke: Lamp of fire      |       |       |       |     1 ||     1
       Wand              |       |       |       |     5 ||     5
  Use: Scroll            |       |     7 |     7 |     8 ||    22
       Potion            |       |     2 |     3 |     6 ||    11
 Stab: Sleeping          |    10 |     7 |    36 |    11 ||    64
       Distracted        |       |       |     1 |     1 ||     2
  Eat: Chunk             |     1 |     5 |     4 |       ||    10
       Ration            |       |       |     3 |     7 ||    10
Armor: Skin              |     3 |     4 |    20 |    28 ||    55
Dodge: Dodged            |    21 |    20 |   163 |   157 ||   361

Table legend:
 A = Non-vault XP
 B = Vault XP
 C = Vault XP percentage of total XP
 D = Non-vault monster count
 E = Vault monster count
 F = Vault count percentage of total count
                 A         B        C        D         E       F
            +---------+---------+-------+---------+---------+-------
      Total |    7331 |    3867 |  34.5 |     217 |      29 |  11.8
            +---------+---------+-------+---------+---------+-------
        D:1 |      37 |       0 |   0.0 |      20 |       0 |   0.0
        D:2 |      96 |       0 |   0.0 |      20 |       0 |   0.0
        D:3 |     120 |     228 |  65.5 |      17 |       2 |  10.5
        D:4 |     248 |       0 |   0.0 |      12 |       0 |   0.0
        D:5 |     640 |       0 |   0.0 |      22 |       0 |   0.0
        D:6 |    1043 |     218 |  17.3 |      28 |       4 |  12.5
        D:7 |    1923 |     786 |  29.0 |      36 |       4 |  10.0
        D:8 |     998 |       0 |   0.0 |      19 |       0 |   0.0
        D:9 |     995 |     194 |  16.3 |      24 |       2 |   7.7
       D:10 |     240 |       0 |   0.0 |       5 |       0 |   0.0
       D:11 |     991 |    2441 |  71.1 |      14 |      17 |  54.8
            +---------+---------+-------+---------+---------+-------
